 Dungeon Crawl Stone Soup version 0.29-a0-221-gceb61267dd (webtiles) character file.

Game seed: 3128172930391079041

387 Sweetruy1997 the Cutter (level 6, -19/56 HPs)
             Began as a Minotaur Berserker on Feb 26, 2022.
             Was a Believer of Trog.
             Demolished by an ogre
             ... wielding a +0 giant club
              (22 damage)
             ... on level 4 of the Dungeon.
             The game lasted 00:05:31 (2721 turns).

Sweetruy1997 the Cutter (Minotaur Berserker)        Turns: 2721, Time: 00:05:32

Health: -19/56     AC: 13    Str: 21    XL:     6   Next: 49%
Magic:  1/1        EV:  8    Int:  4    God:    Trog [**....]
Gold:   164        SH:  0    Dex: 12    Spells: 5/5 levels left

rFire   . . .      SeeInvis .   d - +2 short sword (antimagic)
rCold   . . .      Faith    .   (no shield)
rNeg    . . .      Spirit   .   a - +0 chain mail
rPois   .          Reflect  .   (helmet restricted)
rElec   .          Harm     .   (no cloak)
rCorr   .          Rampage  .   (no gloves)
Will    .....                   (no boots)
Stlth   ..........              (no amulet)
HPRegen 0.18/turn               e - +4 ring of protection
MPRegen 0.07/turn               (no ring)

@: no status effects
A: horns 2, retaliatory headbutt
a: Renounce Religion, Berserk, Trog's Hand


You were on level 4 of the Dungeon.
You worshipped Trog.
Trog was pleased with you.
You visited 1 branch of the dungeon, and saw 4 of its levels.

You collected 164 gold pieces.

Inventory:

Hand Weapons
 d - a +2 antimagic short sword (weapon)
Armour
 a - a +0 chain mail (worn)
Jewellery
 e - a +4 ring of protection (left hand)
Scrolls
 c - a scroll of silence {unknown}
 f - 2 scrolls of enchant armour {unknown}
 g - 5 scrolls of identify {unknown}
 h - 3 scrolls of blinking {unknown}
 j - a scroll of teleportation {unknown}
 l - a scroll of holy word {unknown}
 m - a scroll of brand weapon {unknown}
 n - a scroll of vulnerability {unknown}
 p - a scroll of immolation {unknown}
 q - a scroll of acquirement {unknown}
Potions
 b - 2 potions of curing {unknown}
 i - a potion of attraction {unknown}
 k - a potion of brilliance {unknown}
 o - a potion of invisibility {unknown}


   Skills:
 + Level 5.0 Fighting
 + Level 5.1 Short Blades
 - Level 4.5 Axes
 - Level 3.0 Armour
 + Level 3.2 Dodging
 + Level 0.2 Stealth


You had 5 spell levels left.
You didn't know any spells.
Your spell library was empty.

Dungeon Overview and Level Annotations

Branches:
Dungeon (4/15)
 Temple: D:4-7

Altars:


Innate Abilities, Weirdness & Mutations

You have a pair of horns on your head.
You reflexively headbutt those who attack you in melee.


Message History

You start resting.
HP restored.
Things that are here:
a +0 whip; 4 poisoned darts
Things that are here:
a +0 giant club; an ogre corpse
Found a stone staircase leading up.
q - a scroll labelled HOFYUNGO HEE A dart slug comes into view.
A dart slug is nearby!
The dart slug launches a dart at you. The slug dart hits you.
An ogre comes into view. It is wielding a +0 giant club.
Found a shiny brass ring.
The ogre shouts!
The dart slug bites you but does no damage.
You puncture the dart slug!
The dart slug is severely wounded.
You completely miss the dart slug.
The dart slug is severely wounded.
The dart slug bites you but does no damage.
You hit the dart slug.
You kill the dart slug!
Trog accepts your kill.
You see here a dart slug corpse.
Found a curved gold wand.
The ogre hits you with a +0 giant club!!
You hit the ogre.
The ogre is lightly wounded.
The ogre hits you with a +0 giant club!
You are too injured to fight recklessly!
You hit the ogre.
The ogre is moderately wounded.
You see here a dart slug corpse.
You hit the ogre. Your headbutt misses the ogre.
The ogre is moderately wounded.
The ogre hits you with a +0 giant club!!
* * * LOW HITPOINT WARNING * * *
The ogre hits you with a +0 giant club!!
You die...

........# ......##
... #....# #
..###...## .###
#..####†.##.....
#..# #...#.....
#.## ##.....#
#..####O...##
#......@...#
#..........#
#####.#####.....#
##.......##..###..#
.............##
#..# ..####..#...##
#.. #...#..#### ..#
##..#...... .#
#.......... .#


You could see an ogre.

Vanquished Creatures
  Sigmund (D:2)
  An ogre (D:4)
  4 gnolls (D:3)
  2 adders (D:3)
  4 dart slugs
  3 orcs (D:3)
  6 endoplasms
  A giant cockroach (D:1)
  5 goblins
  5 hobgoblins
  11 jackals
  2 quokkas (D:2)
  7 ball pythons
  5 bats
  6 frilled lizards
  6 kobolds
  6 rats
75 creatures vanquished.

Notes
Turn   | Place    | Note
-------+----------+-------------------------------------------
     0 | D:1      | Sweetruy1997 the Minotaur Berserker began the quest for the
                  | Orb.
     0 | D:1      | Reached XP level 1. HP: 19/19 MP: 0/0
   125 | D:1      | Reached XP level 2. HP: 19/27 MP: 1/1
   568 | D:1      | Reached ** piety under Trog
   569 | D:1      | Reached XP level 3. HP: 33/33 MP: 0/2
   644 | D:1      | Found a faded altar of an unknown god.
  1235 | D:2      | Noticed Sigmund
  1246 | D:2      | Killed Sigmund
  1247 | D:2      | Reached XP level 4. HP: 41/41 MP: 1/3
  1247 | D:2      | Reached XP level 5. HP: 47/47 MP: 1/4
  1949 | D:3      | Reached XP level 6. HP: 43/55 MP: 1/5
  2517 | D:4      | Reached skill level 5 in Fighting
  2517 | D:4      | Reached skill level 5 in Short Blades
  2716 | D:4      | HP: 2/56 [ogre/+0 giant club (23)]
  2721 | D:4      | Demolished by an ogre

Illustrated notes

Levels and vault maps discovered:
D:1:      minmay_arrival_cross, layout_rooms,
          shapermc_ecumenical_altar_acropolis, grunt_decor_one_mirror,
          minmay_distorted
D:2:      minmay_inner_zag, layout_loops_corners, uniq_sigmund
D:3:      layout_loops_ring
D:4:      layout_layer_cave, minmay_box_of_dots

Skill      XL: |  1  2  3  4  5  6 |
---------------+-------------------+-----
Axes           | 4 |  4.5
Fighting       | 4 5 |  5.0
Armour         | 3 |  3.0
Short Blades   | 3 4 5 |  5.1
Dodging        | 3 |  3.2
Stealth        | |  0.2

Action                   |  1- 3 |  4- 6 || total
-------------------------+-------+-------++-------
Melee: Hand axe          |    16 |       ||    16
       Short sword       |    82 |    84 ||   166
       Headbutt          |    14 |    10 ||    24
       Punch             |       |     1 ||     1
Invok: Berserk           |     1 |       ||     1
       Trog's Hand       |     1 |       ||     1
Armor: Animal skin       |     1 |       ||     1
       Chain mail        |    46 |    42 ||    88
Dodge: Dodged            |    63 |    27 ||    90

Table legend: (Time is in decaauts)
 A = Elapsed time spent in this place.
 B = Non-inter-level travel time spent in this place.
 C = Inter-level travel time spent in this place.
 D = Time resting spent in this place.
 E = Time spent auto-exploring this place.
 F = Levels seen in this place.
 G = Mean time per level.
                   A        B        C        D        E       F      G
               +--------+--------+--------+--------+--------+-----+--------+
         Total |   2727 |   2619 |    108 |    294 |   1868 |   4 |  681.8 |
       Dungeon |   2727 |   2619 |    108 |    294 |   1868 |   4 |  681.8 |
               +--------+--------+--------+--------+--------+-----+--------+

Top non-repeatable levels by time:
     D:2: 1033 daAuts
     D:1: 833 daAuts
     D:3: 648 daAuts
     D:4: 212 daAuts
